 Dungeon Crawl Stone Soup version 0.31-a0-744-gbc345e7fcb (webtiles) character file.

Game seed: 10139849108459246920

4034 Hubris850 the Mimic (level 10, -6/69 (71) HPs)
             Began as a Merfolk Shapeshifter on Sept 13, 2023.
             Was a Priest of Nemelex Xobeh.
             Mangled by a wight
             ... wielding a +5 dagger
              (11 damage)
             ... on level 9 of the Dungeon.
             The game lasted 00:21:16 (7250 turns).

Hubris850 the Mimic (Merfolk Shapeshifter)          Turns: 7250, Time: 00:21:17

HP:   -6/69 (71)    AC:  4    Str: 19    XL:     10   Next: 24%
MP:   10/10         EV: 20    Int: 13    God:    Nemelex Xobeh [***...]
Gold: 302           SH:  0    Dex: 15    Spells: 9/9 levels left

rFire   . . .        R - +4 great sword (vamp)
rCold   . . .        (shield currently unavailable)
rNeg    . . .        e - melded +1 ring mail
rPois   +            (no helmet)
rElec   .            (no cloak)
rCorr   .            K - +0 pair of gloves "Niafyh Raizo" {rPois Will- Str+3 Dex+2}
SInv    .            m - +2 pair of boots
Will    .....        E - amulet of regeneration
Stlth   ++           J - +5 ring of evasion
HPRegen 1.11/turn    s - ring of willpower
MPRegen 0.12/turn

%: no passive effects
@: maw-form, lightly drained
A: devouring maw, (nimble swimmer 2), mertail
a: Begin Untransformation, Renounce Religion, Draw Escape, Draw Destruction,
Draw Summoning, Triple Draw


You were on level 9 of the Dungeon.
You worshipped Nemelex Xobeh.
Nemelex Xobeh was most pleased with you.
You were a creature with a mouth for a stomach.
You visited 2 branches of the dungeon, and saw 10 of its levels.

You collected 302 gold pieces.

Inventory:

Hand Weapons
 l - a +3 trident of holy wrath
 r - a +1 falchion of holy wrath
 w - a +0 bardiche
 z - a +6 short sword
 L - the +4 war axe of the Damp God {holy, Str+3}
   (You found it on level 7 of the Dungeon)

   Str+3:     It affects your strength (+3).
 N - a +7 short sword of freezing
 R - a +4 vampiric great sword (weapon)
Missiles
 n - 3 atropa-tipped darts
 t - 38 poisoned darts
 I - 3 boomerangs
Armour
 a - a +0 animal skin
 e - a +1 ring mail (melded)
 m - a +2 pair of boots (worn)
 D - the +1 plate armour of Tortelloni {rElec Int+4}
   (You found it on level 5 of the Dungeon)

   Int+4:     It affects your intelligence (+4).
   rElec:     It insulates you from electricity.
 K - the +0 pair of gloves "Niafyh Raizo" (worn) {rPois Will- Str+3 Dex+2}
   (You found it on level 7 of the Dungeon)

   Str+3:     It affects your strength (+3).
   Dex+2:     It affects your dexterity (+2).
   rPois:     It protects you from poison Will-: It decreases your willpower.
 O - a +0 buckler
Magical Staves
 h - a staff of air
 u - a staff of conjuration
 B - a staff of earth
Jewellery
 g - an amulet of magic regeneration
 j - an amulet of the acrobat
 k - a ring of wizardry
 q - a ring of protection from fire
 s - a ring of willpower (right hand)
 y - a ring of willpower
 A - a ring of see invisible
 E - an amulet of regeneration (around neck)
 J - a +5 ring of evasion (left hand)
Talismans
 c - a beast talisman
 d - a flux talisman
 o - a maw talisman (active)
Wands
 F - a wand of charming (21)
 M - a wand of digging (7)
 P - a wand of iceblast (7)
 Q - a wand of flame (12)
Scrolls
 b - a scroll of butterflies
 v - 5 scrolls of teleportation
 G - a scroll of fear
 H - 2 scrolls of revelation
 S - a scroll of blinking
Potions
 f - 4 potions of curing
 i - 2 potions of might
 p - 2 potions of attraction
 x - 2 potions of mutation
 C - a potion of enlightenment {unknown}
 T - a potion of berserk rage
 U - a potion of magic {unknown}


   Skills:
 - Level 4.0 Fighting
 - Level 3.0 Armour
 - Level 7.0 Dodging
 - Level 2.0 Stealth
 + Level 8.8 Unarmed Combat
 - Level 12.3 Shapeshifting


You had 9 spell levels left.
You didn't know any spells.
Your spell library contained the following spells:

 Spells                   Type           Power      Damage    Failure   Level
 Sublimation of Blood     Necr           0%         N/A       43%         2
 Wereblood                Tmut           0%         N/A       43%         2
 Dazzling Flash           Conj/Hex       0%         N/A       67%         3
 Inner Flame              Hex/Fire       0%         N/A       67%         3
 Agony                    Necr           0%         N/A       100%        5
 Silence                  Hex/Air        0%         N/A       100%        5
 Yara's Violent Unravell  Hex/Tmut       0%         3d3       100%        5
 Enfeeble                 Hex            0%         N/A       100%        7
 Summon Hydra             Summ           0%         N/A       100%        7


Dungeon Overview and Level Annotations

Branches:
Dungeon (9/15)             Temple (1/1) D:4
   Lair: D:8-11         Orc: D:9-12

Altars:
Ashenzari
Cheibriados
Dithmenos
Elyvilon
Fedhas
Gozag
Hepliaklqana
Kikubaaqudgha
Makhleb
Nemelex Xobeh
Okawaru
Qazlal
Ru
Sif Muna
Trog
Wu Jian
Xom
Yredelemnul
Zin
The Shining One

Shops:
D:4 [   D:5 !   D:6 :   D:7 (=


Innate Abilities, Weirdness & Mutations

You are a creature with a mouth for a stomach.
Your midsection houses a second, enormous mouth.
((You are very nimble when in or above water. (Stealth+, EV+, Speed+++)))
Your lower body shifts to a powerful aquatic tail in water.


Message History

No target in view!
No target in view!
There is a stone staircase leading down here.
There is a stone staircase leading up here.
You open the door.
There is an open door here.
You open the door.
A troll, a wight and 2 kobold brigands come into view.
A kobold brigand is wielding a +0 dagger and quivering curare-tipped darts.
A kobold brigand is wielding a +0 dagger and quivering poisoned darts.
The troll shouts!
The kobold brigand shouts!
The kobold brigand throws a curare-tipped dart.
The curare-tipped dart completely misses you.
The kobold brigand moves out of view.
The troll attacks as it pursues you! The troll misses you. x2
The troll barely misses you.
You slash the troll!
The troll is moderately wounded.
The troll bites you! The troll claws you. The troll closely misses you.
You barely miss the troll. You bite the troll!
The troll is severely wounded.
The troll bites you!! The troll barely misses you.
The troll completely misses you. The troll misses you. The troll claws you. x2
You hit the troll.
The troll is severely wounded.
The troll barely misses you. The troll claws you but does no damage.
The troll claws you! The troll bites you!
* * * LOW HITPOINT WARNING * * *
The troll claws you!
* * * LOW HITPOINT WARNING * * *
The troll barely misses you.
You slice the troll!!
You feel better.
You kill the troll!
The troll leather armour is intact enough to wear.
You closely miss the wight. The wight barely misses you.
The wight closely misses you.
You hit the wight but do no damage. The wight hits you with a +5 dagger!
* * * LOW HITPOINT WARNING * * *
You feel drained. The wight hits you with a +5 dagger!
You die...
Your body disappears without a glow.

#............#...#...............
#........<...#...#........#######
#.....###+...#...#........##.....
#.....###+...#####........##.....
......##...##...##........##.....
#.....##...##...##........#####+#
#..#####..................###....
#..### ##+.##########......#.....
#....####..#..KzW...#......#.....
...........#.#'####.'........#...
#....###...# #.. #.#.####...+...
.....# #.#.# #..K #.#....#..##...
.....# #.#.# #....#.#..(....#####
.##### #.#.# #....#.#.....#.# #
.# #.#.+ ####+#.#.....#'### #
.#######...# ..#..#.#))..# #
...........##########..#.#....###


You could see a kobold brigand and a wight.

Vanquished Creatures
  A gargoyle (D:8)
  A troll (D:9)
  3 water moccasins
  2 orc warriors
  2 ice beasts
  A sky beast (D:7)
  A black bear (D:6)
  2 ogres
  A boggart (D:8)
  4 centaurs
  3 kobold brigands
  A scorpion (D:4)
  2 bullfrogs (D:9)
  12 wights
  5 killer bees (D:7)
  An electric eel (D:6)
  2 howler monkeys (D:9)
  3 jellies
  A hound (D:5)
  3 orc priests
  3 sleepcaps
  2 iguanas
  4 orc wizards
  5 gnolls (D:8)
  7 adders
  A shadow imp (D:6)
  A worm (D:2)
  8 dart slugs
  36 orcs
  6 bats
  5 endoplasms
  3 giant cockroaches
  6 hobgoblins
  11 jackals
  6 quokkas
  4 ball pythons
  4 frilled lizards
  5 goblins
  16 kobolds
  6 rats
190 creatures vanquished.

Notes
Turn   | Place    | Note
-------+----------+-------------------------------------------
     0 | D:1      | Hubris850 the Merfolk Shapeshifter began the quest for the
                  | Orb.
     0 | D:1      | Reached XP level 1. HP: 15/15 MP: 1/1
   130 | D:1      | Reached XP level 2. HP: 20/21 MP: 2/2
   513 | D:1      | Reached XP level 3. HP: 25/26 MP: 3/3
   752 | D:2      | Found a snail-covered altar of Cheibriados.
   917 | D:2      | Reached XP level 4. HP: 32/32 MP: 4/4
   930 | D:2      | Reached skill level 5 in Shapeshifting
  2172 | D:4      | Reached XP level 5. HP: 23/37 MP: 5/5
  2255 | D:4      | Found a shimmering blue altar of Sif Muna.
  2353 | D:4      | Reached skill level 5 in Unarmed Combat
  2354 | D:4      | Reached skill level 6 in Shapeshifting
  2449 | D:4      | Found Cullu's Armour Shoppe.
  2505 | D:4      | Found a staircase to the Ecumenical Temple.
  2516 | Temple   | Entered the Ecumenical Temple
  2546 | Temple   | Became a worshipper of Nemelex Xobeh the Trickster
  2688 | D:4      | Reached XP level 6. HP: 22/43 MP: 6/6
  3405 | D:5      | Entered Level 5 of the Dungeon
  3451 | D:5      | Reached * piety under Nemelex Xobeh
  3586 | D:5      | Found an ornate altar of the Wu Jian Council.
  3601 | D:5      | Received a gift from Nemelex Xobeh
  3715 | D:5      | Identified the +1 plate armour of Tortelloni {rElec Int+4}
  3946 | D:5      | Reached ** piety under Nemelex Xobeh
  4040 | D:5      | Found Syrphiwn's Distillery.
  4074 | D:5      | Reached skill level 7 in Shapeshifting
  4228 | D:6      | Found Joplab's Book Emporium.
  4353 | D:6      | Noticed a water moccasin
  4366 | D:6      | Killed a water moccasin
  4367 | D:6      | Reached XP level 7. HP: 48/48 MP: 7/7
  4428 | D:6      | Reached skill level 8 in Shapeshifting
  4483 | D:6      | Reached skill level 9 in Shapeshifting
  4493 | D:6      | Reached XP level 8. HP: 37/54 MP: 8/8
  4506 | D:6      | Reached skill level 10 in Shapeshifting
  4813 | D:6      | Received a gift from Nemelex Xobeh
  5265 | D:7      | Identified the +0 pair of gloves "Niafyh Raizo" {rPois
                  | Will- Str+3 Dex+2}
  5284 | D:7      | Reached skill level 1 in Stealth
  5304 | D:7      | Reached skill level 1 in Armour
  5361 | D:7      | Found Haihut's Jewellery Shoppe.
  5416 | D:7      | Found Ikhluhiy's Antique Weapon Emporium.
  5420 | D:7      | Reached skill level 5 in Dodging
  5420 | D:7      | Reached XP level 9. HP: 61/64 MP: 9/9
  5577 | D:7      | Reached *** piety under Nemelex Xobeh
  5596 | D:7      | Identified the +4 war axe of the Damp God {holy, Str+3}
  6115 | D:8      | Reached skill level 11 in Shapeshifting
  6440 | D:8      | Noticed a gargoyle
  6442 | D:8      | Found a shadowy altar of Dithmenos.
  6449 | D:8      | Killed a gargoyle
  6529 | D:8      | Found a glowing silver altar of Zin.
  6646 | D:9      | Reached XP level 10. HP: 63/71 MP: 10/10
  6649 | D:9      | Reached skill level 12 in Shapeshifting
  6934 | D:9      | Received a gift from Nemelex Xobeh
  6948 | D:9      | Found a broken altar of Ashenzari.
  6951 | D:9      | Found a hazy altar of Hepliaklqana.
  6952 | D:9      | Found a snail-covered altar of Cheibriados.
  6952 | D:9      | Found a shimmering altar of Xom.
  7247 | D:9      | HP: 2/71 [troll (8)]
  7250 | D:9      | Mangled by a wight

Illustrated notes

Levels and vault maps discovered:
D:1:      noname_arrival_rooms_in_the_neighbourhood, layout_rooms
D:2:      layout_basic, basic_altar, dreamdust_princess_bridge
D:3:      layout_basic, corexii_hall_statues_i
D:4:      layout_cave_pods, general_overflow_altar,
          minmay_temple_entry_glassed_door, serial_shops, shop,
          dk_noncrumbling_2
D:5:      layout_gridville, mainiacjoe_overflow_paths, serial_shops,
          nicolae_square_shop
D:6:      layout_loops_ring, serial_shops, nicolae_lakefront_shop,
          kennysheep_small_spiral
D:7:      layout_loops_ring, serial_shops, shop, shop
D:8:      layout_rooms, lemuel_tele_altar, zin_treasury
D:9:      layout_basic, grunt_temple_overflow_open, minivault_25_ag
Temple:   nicolae_temple_godzebo

Skill      XL: |  1  2  3  4  5  6  7  8  9 10 |
---------------+-------------------------------+-----
Dodging        | 3 5 7 |  7.0
Unarmed Combat | 4 5 6 7 8 |  8.8
Shapeshifting  | 5 6 7 9 10 11 12 | 12.3
Stealth        | 2 |  2.0
Fighting       | 3 4 |  4.0
Armour         | 1 3 |  3.0

Action                     |  1- 3 |  4- 6 |  7- 9 | 10-12 || total
---------------------------+-------+-------+-------+-------++-------
  Melee: Unarmed           |   117 |   320 |   286 |    54 ||   777
         Punch             |     2 |     4 |     1 |       ||     7
         Tailslap          |       |       |     1 |       ||     1
         Great sword       |       |       |       |    14 ||    14
         Maw               |       |       |       |     4 ||     4
 Invoke: Draw Destruction  |       |       |    10 |       ||    10
Ability: Begin Untransform |     1 |       |       |     1 ||     2
    Use: Scroll            |     3 |     8 |     5 |     1 ||    17
         Potion            |       |     4 |     2 |       ||     6
 Armour: Ring mail         |    52 |   182 |   139 |    26 ||   399
         Skin              |       |    13 |    13 |    14 ||    40
  Dodge: Dodged            |    75 |   169 |   173 |    57 ||   474
         Form:             |     1 |       |       |       ||     1
         Beast             |     1 |       |       |       ||     1
         Flux              |       |     1 |       |       ||     1
         Maw               |       |       |       |     1 ||     1

Table legend: (Time is in decaauts)
 A = Elapsed time spent in this place.
 B = Non-inter-level travel time spent in this place.
 C = Inter-level travel time spent in this place.
 D = Time resting spent in this place.
 E = Time spent auto-exploring this place.
 F = Levels seen in this place.
 G = Mean time per level.
                   A        B        C        D        E       F      G
               +--------+--------+--------+--------+--------+-----+--------+
         Total |   7171 |   6871 |    300 |    399 |   4821 |  10 |  717.1 |
       Dungeon |   7112 |   6841 |    271 |    399 |   4821 |   9 |  790.2 |
        Temple |     59 |     30 |     29 |      0 |      0 |   1 |   59.0 |
               +--------+--------+--------+--------+--------+-----+--------+

Top non-repeatable levels by time:
     D:4: 1218 daAuts
     D:6: 1093 daAuts
     D:3: 805 daAuts
     D:7: 761 daAuts
     D:2: 752 daAuts
     D:5: 724 daAuts
     D:9: 656 daAuts
     D:8: 555 daAuts
     D:1: 544 daAuts
  Temple: 59 daAuts
